TOP OF THE 1ST |
Birmingham Barons batting - Pitching for Jackson Generals : RHP Devon Washington
|
Pitching: RHP Devon Washington
|
|
Batting: LHB Dalton Silveira
|
0-0: Ball 1-0: Called Strike 1-1: Reached on error, E3 (Groundball, 3L, EV 83.1 MPH)
|
Batting: LHB Larry Myers
|
0-0: Swinging Strike 0-1: Foul Ball, location: 2F 0-2: SINGLE (Groundball, 56D, EV 96.9 MPH) Dalton Silveira to second
|
Batting: LHB Justin Stickney
|
0-0: Ball 1-0: Ball 2-0: Ball 3-0: Foul Ball, location: 2F 3-1: Called Strike 3-2: Grounds into double play, 6-4-3 (Groundball, 6, EV 100.0 MPH) Dalton Silveira to third
|
Batting: LHB Matt Hyde
|
0-0: Called Strike 0-1: Foul Ball, location: 2F 0-2: Ground out 4-3 (Groundball, 4, EV 109.4 MPH)
|
Top of the 1st over - 0 runs, 1 hit, 1 error, 1 left on base; Birmingham 0 - Jackson 0 |
BOTTOM OF THE 1ST |
Jackson Generals batting - Pitching for Birmingham Barons : RHP Clay Redman
|
Pitching: RHP Clay Redman
|
|
Batting: RHB Tomokazu Sugimoto
|
0-0: Ball 1-0: Fly out, F8 (Flyball, 8RD, EV 91.2 MPH)
|
Batting: RHB Ryan Criollo
|
0-0: Called Strike 0-1: Reached on error, E4 (Groundball, 4, EV 84.4 MPH)
|
Batting: RHB Mike Conaway
|
0-0: Ball 1-0: Ball 2-0: Ball 3-0: Called Strike 3-1: Fly out, F9 (Flyball, 9, EV 86.9 MPH)
|
Batting: RHB Adan Lake
|
0-0: SINGLE (Groundball, 4D, EV 95.0 MPH) Ryan Criollo to third Runner from 3rd tries for Home, SAFE, throw by CF to home
|
Batting: RHB Hideo Okimura
|
0-0: Ground out 4-3 (Groundball, 4MS, EV 86.2 MPH)
|
Bottom of the 1st over - 1 run, 1 hit, 1 error, 1 left on base; Birmingham 0 - Jackson 1 |
TOP OF THE 2ND |
Birmingham Barons batting - Pitching for Jackson Generals : RHP Devon Washington
|
Batting: RHB Josiah Wright
|
0-0: Ball 1-0: Fly out, F8 (Flyball, 8LD, EV 105.6 MPH)
|
Batting: RHB Mike Savage
|
0-0: Called Strike 0-1: Called Strike 0-2: Foul Ball, location: 2F 0-2: Foul Ball, location: 2F 0-2: Ball 1-2: Foul Ball, location: 2F 1-2: Strikes out swinging
|
Batting: RHB Kevin Chafe
|
0-0: Fly out, F8 (Line Drive, 8RS, EV 93.1 MPH)
|
Top of the 2nd over - 0 runs, 0 hits, 0 errors, 0 left on base; Birmingham 0 - Jackson 1 |
BOTTOM OF THE 2ND |
Jackson Generals batting - Pitching for Birmingham Barons : RHP Clay Redman
|
Batting: SHB Brendan Bundy
|
0-0: Fly out, F6 (Line Drive, 6, EV 71.9 MPH)
|
Batting: RHB Ching-hsia Zhang
|
0-0: Called Strike 0-1: Called Strike 0-2: Ball 1-2: Ball 2-2: Strikes out swinging
|
Batting: RHB Justin Colella
|
0-0: SINGLE (Line Drive, 8LS, EV 105.0 MPH)
|
Batting: LHB Mario Cardona
|
0-0: Called Strike 0-1: Swinging Strike 0-2: Ball 1-2: Fielders Choice at 2nd, 6-4 (Groundball, 6, EV 91.9 MPH)
|
Bottom of the 2nd over - 0 runs, 1 hit, 0 errors, 1 left on base; Birmingham 0 - Jackson 1 |
TOP OF THE 3RD |
Birmingham Barons batting - Pitching for Jackson Generals : RHP Devon Washington
|
Batting: RHB Toichiro Fujimoto
|
0-0: Called Strike 0-1: Called Strike 0-2: Hit by Pitch
|
Batting: RHB John Iddings
|
0-0: Ball 1-0: Fly out, F7 (Line Drive, 78M, EV 85.6 MPH)
|
Batting: LHB Dalton Silveira
|
0-0: Called Strike 0-1: SINGLE (Groundball, 4D, EV 95.0 MPH) Toichiro Fujimoto to second Runner from 2nd tries for 3rd, OUT! 8-5
|
Batting: LHB Larry Myers
|
0-0: Ball 1-0: Ball Dalton Silveira steals 2nd base 2-0: Fly out, F2 (Popup, 2LF, EV 86.2 MPH)
|
Top of the 3rd over - 0 runs, 1 hit, 0 errors, 1 left on base; Birmingham 0 - Jackson 1 |
BOTTOM OF THE 3RD |
Jackson Generals batting - Pitching for Birmingham Barons : RHP Clay Redman
|
Batting: RHB Tomokazu Sugimoto
|
0-0: Ball 1-0: Foul Ball, location: 2F 1-1: Ball 2-1: SINGLE (Groundball, 56S, EV 60.0 MPH) (infield hit)
|
Batting: RHB Ryan Criollo
|
0-0: SINGLE (Groundball, 25, EV 55.0 MPH) (infield hit) Tomokazu Sugimoto to second
|
Batting: RHB Mike Conaway
|
0-0: Ball 1-0: Ball 2-0: Grounds into double play, 5-4-3 (Groundball, 25, EV 77.5 MPH) Tomokazu Sugimoto to third
|
Batting: RHB Adan Lake
|
0-0: Called Strike 0-1: Ball 1-1: Ball 2-1: Ground out 4-3 (Groundball, 34, EV 96.2 MPH)
|
Bottom of the 3rd over - 0 runs, 2 hits, 0 errors, 1 left on base; Birmingham 0 - Jackson 1 |
TOP OF THE 4TH |
Birmingham Barons batting - Pitching for Jackson Generals : RHP Devon Washington
|
Batting: LHB Justin Stickney
|
0-0: Ground out U3 (Groundball, 34, EV 85.6 MPH)
|
Batting: LHB Matt Hyde
|
0-0: Called Strike 0-1: Foul Ball, location: 2F 0-2: Ground out 1-3 (Groundball, 25, EV 66.9 MPH)
|
Batting: RHB Josiah Wright
|
0-0: Called Strike 0-1: Foul Ball, location: 2F 0-2: Ball 1-2: Foul Ball, location: 2F 1-2: Foul Ball, location: 2F 1-2: Strikes out looking
|
Top of the 4th over - 0 runs, 0 hits, 0 errors, 0 left on base; Birmingham 0 - Jackson 1 |
BOTTOM OF THE 4TH |
Jackson Generals batting - Pitching for Birmingham Barons : RHP Clay Redman
|
Batting: RHB Hideo Okimura
|
0-0: Ball 1-0: Called Strike 1-1: Swinging Strike 1-2: Strikes out swinging
|
Batting: SHB Brendan Bundy
|
0-0: Called Strike 0-1: Ball 1-1: Ball 2-1: Swinging Strike 2-2: Foul Ball, location: 2F 2-2: Foul Ball, location: 2F 2-2: Foul Ball, location: 2F 2-2: Ball 3-2: Fly out, F9 (Flyball, 89M, EV 71.9 MPH)
|
Batting: RHB Ching-hsia Zhang
|
0-0: Ball 1-0: Swinging Strike 1-1: Ball 2-1: Fly out, F8 (Flyball, 8RS, EV 96.2 MPH)
|
Bottom of the 4th over - 0 runs, 0 hits, 0 errors, 0 left on base; Birmingham 0 - Jackson 1 |
TOP OF THE 5TH |
Birmingham Barons batting - Pitching for Jackson Generals : RHP Devon Washington
|
Batting: RHB Mike Savage
|
0-0: Called Strike 0-1: Ball 1-1: Foul Ball, location: 2F 1-2: Ball 2-2: Foul Ball, location: 2F 2-2: Ball 3-2: Foul Ball, location: 2F 3-2: Base on Balls
|
Batting: RHB Kevin Chafe
|
0-0: Ball 1-0: Fielders Choice at 2nd, 4-6 (Groundball, 34, EV 93.8 MPH)
|
Batting: RHB Toichiro Fujimoto
|
0-0: Ball 1-0: Called Strike 1-1: DOUBLE (Flyball, 89D, EV 110.6 MPH) Kevin Chafe to third
|
Batting: RHB John Iddings
|
0-0: Ball 1-0: Ball 2-0: Called Strike 2-1: Ball Passed Ball! Kevin Chafe scores Toichiro Fujimoto to third 3-1: Ground out 5-3 (Groundball, 56, EV 104.4 MPH) Toichiro Fujimoto scores
|
Batting: LHB Dalton Silveira
|
0-0: Swinging Strike 0-1: Ball 1-1: SINGLE (Groundball, 6MD, EV 98.1 MPH)
|
Batting: LHB Larry Myers
|
Pickoff Play to 1st, Runner tries for 2nd, SAFE after rundown. 0-0: Ball 1-0: Fly out, F9 (Flyball, 9, EV 85.0 MPH)
|
Top of the 5th over - 2 runs, 2 hits, 0 errors, 1 left on base; Birmingham 2 - Jackson 1 |
BOTTOM OF THE 5TH |
Jackson Generals batting - Pitching for Birmingham Barons : RHP Clay Redman
|
Batting: RHB Justin Colella
|
0-0: Called Strike 0-1: Swinging Strike 0-2: Ball 1-2: Ball 2-2: Foul Ball, location: 2F 2-2: Ball 3-2: Foul Ball, location: 2F 3-2: Fly out, F4 (Line Drive, 4M, EV 63.8 MPH)
|
Batting: LHB Mario Cardona
|
0-0: Called Strike 0-1: SINGLE (Groundball, 25, EV 68.1 MPH) (infield hit)
|
Batting: RHB Tomokazu Sugimoto
|
0-0: Foul Ball, location: 2F 0-1: Ball 1-1: Called Strike 1-2: Foul Ball, location: 2F 1-2: Ball 2-2: Strikes out swinging
|
Batting: RHB Ryan Criollo
|
0-0: Foul Ball, location: 2F 0-1: Ball 1-1: Swinging Strike 1-2: Strikes out swinging
|
Bottom of the 5th over - 0 runs, 1 hit, 0 errors, 1 left on base; Birmingham 2 - Jackson 1 |
TOP OF THE 6TH |
Birmingham Barons batting - Pitching for Jackson Generals : RHP Devon Washington
|
Batting: LHB Justin Stickney
|
0-0: Ball 1-0: Ball 2-0: SINGLE (Groundball, 6M, EV 82.5 MPH) (infield hit)
|
Pinch Runner at 1st Ryan Dyal:
|
|
Batting: LHB Matt Hyde
|
0-0: Called Strike 0-1: Swinging Strike 0-2: Ball 1-2: Strikes out swinging
|
Batting: RHB Josiah Wright
|
0-0: Ground out U3 (Groundball, 3S, EV 75.0 MPH) Ryan Dyal to second
|
Batting: RHB Mike Savage
|
0-0: Ball 1-0: Called Strike 1-1: Foul Ball, location: 2F 1-2: Ball 2-2: Ball 3-2: Fly out, F8 (Flyball, 8LD, EV 90.0 MPH)
|
Top of the 6th over - 0 runs, 1 hit, 0 errors, 1 left on base; Birmingham 2 - Jackson 1 |
BOTTOM OF THE 6TH |
Jackson Generals batting - Pitching for Birmingham Barons : RHP Clay Redman
|
Batting: RHB Mike Conaway
|
0-0: Foul Ball, location: 2F 0-1: Called Strike 0-2: Reached on error, E6 (Groundball, 6, EV 99.4 MPH)
|
Batting: RHB Adan Lake
|
0-0: Ball 1-0: Fly out, F8 (Flyball, 89M, EV 92.5 MPH)
|
Batting: RHB Hideo Okimura
|
0-0: Ball 1-0: Ball 2-0: Grounds into double play, 5-4-3 (Groundball, 15, EV 87.5 MPH)
|
Bottom of the 6th over - 0 runs, 0 hits, 1 error, 0 left on base; Birmingham 2 - Jackson 1 |
TOP OF THE 7TH |
Birmingham Barons batting - Pitching for Jackson Generals : RHP Devon Washington
|
Pitching: LHP Chan-u Lee
|
|
Batting: RHB Kevin Chafe
|
0-0: Called Strike 0-1: Ball 1-1: Ball 2-1: Called Strike 2-2: Strikes out swinging
|
Batting: RHB Toichiro Fujimoto
|
0-0: Ball 1-0: SINGLE (Flyball, 78S, EV 95.0 MPH)
|
Batting: RHB John Iddings
|
0-0: Ball 1-0: Foul Ball, location: 2F 1-1: Foul Ball, location: 2F 1-2: Ball 2-2: Ball 3-2: Base on Balls Toichiro Fujimoto to second
|
Batting: LHB Dalton Silveira
|
0-0: Foul Ball, location: 2F 0-1: Foul Ball, location: 2F 0-2: Ball 1-2: Fielders Choice at 2nd, 2-4 (Groundball, 15S, EV 67.5 MPH) Toichiro Fujimoto to third
|
Batting: LHB Larry Myers
|
0-0: Ball 1-0: Ball 2-0: Called Strike 2-1: Called Strike 2-2: 3-RUN HOME RUN (Flyball, 9LD, EV 93.8 MPH), Distance : 342 ft
|
Pitching: RHP Raul Lopez
|
|
Batting: LHB Ryan Dyal
|
0-0: Ball 1-0: Ball 2-0: Called Strike 2-1: Ball 3-1: Foul Ball, location: 2F 3-2: Foul Ball, location: 2F 3-2: Base on Balls
|
Batting: LHB Matt Hyde
|
0-0: Called Strike 0-1: Ball 1-1: Ball 2-1: Fly out, F7 (Line Drive, 78D, EV 89.4 MPH)
|
Top of the 7th over - 3 runs, 2 hits, 0 errors, 1 left on base; Birmingham 5 - Jackson 1 |
BOTTOM OF THE 7TH |
Jackson Generals batting - Pitching for Birmingham Barons : RHP Clay Redman
|
Pitching: RHP Jon Manwaring
|
|
Batting: SHB Brendan Bundy
|
0-0: Foul Ball, location: 2F 0-1: Ball 1-1: Called Strike 1-2: Ground out U3 (Groundball, 3, EV 84.4 MPH)
|
Batting: RHB Ching-hsia Zhang
|
0-0: Ball 1-0: Ball 2-0: Foul Ball, location: 2F 2-1: Foul Ball, location: 2F 2-2: Ground out 6-3 (Groundball, 6, EV 88.1 MPH)
|
Batting: RHB Justin Colella
|
0-0: Swinging Strike 0-1: Swinging Strike 0-2: Ball 1-2: Foul Ball, location: 2F 1-2: Ball 2-2: Strikes out swinging
|
Bottom of the 7th over - 0 runs, 0 hits, 0 errors, 0 left on base; Birmingham 5 - Jackson 1 |
TOP OF THE 8TH |
Birmingham Barons batting - Pitching for Jackson Generals : RHP Raul Lopez
|
Pitching: RHP Jose Acevedo
|
|
Batting: RHB Josiah Wright
|
0-0: Called Strike 0-1: Foul Ball, location: 2F 0-2: Foul Ball, location: 2F 0-2: SOLO HOME RUN (Flyball, 7D, EV 98.1 MPH), Distance : 393 ft
|
Batting: RHB Mike Savage
|
0-0: Called Strike 0-1: Called Strike 0-2: Strikes out swinging
|
Batting: RHB Kevin Chafe
|
0-0: Ball 1-0: Called Strike 1-1: Swinging Strike 1-2: Strikes out swinging
|
Batting: RHB Toichiro Fujimoto
|
0-0: Ball 1-0: Foul Ball, location: 2F 1-1: Ball 2-1: Foul Ball, location: 2F 2-2: Strikes out looking
|
Top of the 8th over - 1 run, 1 hit, 0 errors, 0 left on base; Birmingham 6 - Jackson 1 |
BOTTOM OF THE 8TH |
Jackson Generals batting - Pitching for Birmingham Barons : RHP Jon Manwaring
|
Batting: LHB Mario Cardona
|
0-0: Called Strike 0-1: Ball 1-1: Ground out U3 (Groundball, 34S, EV 66.2 MPH)
|
Batting: RHB Tomokazu Sugimoto
|
0-0: Called Strike 0-1: Ball 1-1: Ground out 4-3 (Groundball, 4, EV 85.0 MPH)
|
Batting: RHB Ryan Criollo
|
0-0: SINGLE (Flyball, 3D, EV 88.1 MPH)
|
Batting: RHB Mike Conaway
|
0-0: Called Strike 0-1: Ball 1-1: SINGLE (Line Drive, 3L, EV 106.9 MPH) Ryan Criollo to second
|
Batting: RHB Adan Lake
|
0-0: Foul Ball, location: 2F 0-1: Ball 1-1: Ball 2-1: Foul Ball, location: 2F 2-2: Foul Ball, location: 2F 2-2: Ball 3-2: Foul Ball, location: 2F 3-2: Ground out 6-3 (Groundball, 6, EV 100.0 MPH)
|
Bottom of the 8th over - 0 runs, 2 hits, 0 errors, 2 left on base; Birmingham 6 - Jackson 1 |
TOP OF THE 9TH |
Birmingham Barons batting - Pitching for Jackson Generals : RHP Jose Acevedo
|
Pinch Hitting: LHB Alex Mendoza
|
0-0: SOLO HOME RUN (Flyball, 7LD, EV 95.0 MPH), Distance : 351 ft
|
Batting: LHB Dalton Silveira
|
0-0: Foul Ball, location: 2F 0-1: Ball 1-1: Called Strike 1-2: SOLO HOME RUN (Flyball, 89XD, EV 110.0 MPH), Distance : 439 ft
|
Batting: LHB Larry Myers
|
0-0: Ball 1-0: Foul Ball, location: 2F 1-1: Fly out, F9 (Line Drive, 89M, EV 95.0 MPH)
|
Batting: LHB Ryan Dyal
|
0-0: Ball 1-0: Ball 2-0: Ball 3-0: Called Strike 3-1: Base on Balls
|
Batting: LHB Matt Hyde
|
0-0: Called Strike 0-1: 2-RUN HOME RUN (Flyball, 9LD, EV 92.5 MPH), Distance : 358 ft
|
Pitching: RHP Kieran Easton
|
|
Batting: RHB Josiah Wright
|
0-0: Called Strike 0-1: Called Strike 0-2: Ball 1-2: Ball 2-2: Ball 3-2: Fly out, F9 (Line Drive, 9D, EV 96.2 MPH)
|
Batting: RHB Mike Savage
|
0-0: Called Strike 0-1: Ball 1-1: Ball 2-1: Foul Ball, location: 2F 2-2: Ball 3-2: Base on Balls
|
Batting: RHB Kevin Chafe
|
0-0: Ball Wild Pitch! Mike Savage to second 1-0: Ball 2-0: Ball Wild Pitch! Mike Savage to third 3-0: Base on Balls
|
Batting: RHB Toichiro Fujimoto
|
0-0: Called Strike 0-1: Foul Ball, location: 2F 0-2: Ground out 4-3 (Groundball, 4, EV 108.8 MPH)
|
Top of the 9th over - 4 runs, 3 hits, 0 errors, 2 left on base; Birmingham 10 - Jackson 1 |
BOTTOM OF THE 9TH |
Jackson Generals batting - Pitching for Birmingham Barons : RHP Jon Manwaring
|
Now at SS: Ethan McCullough
|
|
Batting: RHB Hideo Okimura
|
0-0: Called Strike 0-1: Ball 1-1: Ball 2-1: Foul Ball, location: 2F 2-2: Ball 3-2: Fly out, F3 (Popup, 23F, EV 84.4 MPH)
|
Batting: SHB Brendan Bundy
|
0-0: Called Strike 0-1: Ball 1-1: Ball 2-1: Called Strike 2-2: Ball 3-2: Foul Ball, location: 2F 3-2: Base on Balls
|
Pitching: LHP Jimmy Ford
|
|
Pinch Hitting: RHB Egidius Kruger
|
0-0: Ball 1-0: Swinging Strike 1-1: Ball 2-1: DOUBLE (Groundball, 5L, EV 106.2 MPH) Brendan Bundy to third
|
Batting: RHB Justin Colella
|
0-0: Called Strike 0-1: Swinging Strike 0-2: Ground out 6-3 (Groundball, 6, EV 93.8 MPH) Brendan Bundy scores
|
Pinch Hitting: RHB Julian Gregory
|
0-0: Foul Ball, location: 2F 0-1: Called Strike 0-2: Ball 1-2: Hit by Pitch
|
Batting: RHB Tomokazu Sugimoto
|
0-0: Ball 1-0: Ball 2-0: Ball 3-0: Base on Balls Egidius Kruger to third Julian Gregory to second
|
Pitching: LHP Brennan Duncan
|
|
Batting: RHB Ryan Criollo
|
0-0: Foul Ball, location: 2F 0-1: Foul Ball, location: 2F 0-2: Fly out, F8 (Flyball, 8LM, EV 87.5 MPH)
|
Bottom of the 9th over - 1 run, 1 hit, 0 errors, 3 left on base; Birmingham 10 - Jackson 2 |
|